 Dungeon Crawl Stone Soup version 0.26-a0-660-gc07710193c (webtiles) character file.

Game seed: 18307497943542362547

805 HilariousDeathArtist the Skirmisher (level 7, -8/52 HPs)
             Began as an Octopode Monk on Oct 5, 2020.
             Was a Priest of Okawaru.
             Killed by divine providence
             ... invoked by an orc priest
              (13 damage)
             ... on level 5 of the Dungeon.
             The game lasted 00:03:18 (4984 turns).

HilariousDeathArtist the Skirmisher (Octopode Monk) Turns: 4984, Time: 00:03:18

Health: -8/52      AC:  1    Str: 10    XL:     7   Next: 91%
Magic:  10/10      EV: 17    Int: 12    God:    Okawaru [***...]
Gold:   35         SH:  0    Dex: 17    Spells: 6/6 levels left

rFire    + . .     SeeInvis .   a - +4 whip (venom)
rCold    . . .     Faith    .   (no shield)
rNeg     . . .     Spirit   .   (helmet restricted)
rPois    .         Reflect  .   (no amulet)
rElec    .         Harm     .   n - ring of protection from fire {rF+, !d}
rCorr    .         Rampage  .   (no ring)
MR       .....                  (no ring)
Stlth    +++.......             (no ring)
HPRegen  0.17/turn              (no ring)
MPRegen  0.12/turn              (no ring)
                                (no ring)
                                (no ring)

@: no status effects
A: almost no armour, stealthy swim, amphibious, 8 rings, constrict 8, camouflage
1, gelatinous body 1
a: Heroism, Renounce Religion


You were on level 5 of the Dungeon.
You worshipped Okawaru.
Okawaru was most pleased with you.
You visited 1 branch of the dungeon, and saw 5 of its levels.

You collected 327 gold pieces.
You spent 292 gold pieces at shops.

Inventory:

Hand Weapons
 a - a +4 whip of venom (weapon)
   (You took it off a kobold on level 1 of the Dungeon)
 g - a +0 spear
 u - a +2 flail of draining
   (You took it off Edmund on level 4 of the Dungeon)
 y - a +4 quarterstaff of chaos
   (You took it off Crazy Yiuf on level 5 of the Dungeon)
Missiles
 b - 43 poisoned darts
Armour
 A - a +0 kite shield
   (You found it on level 5 of the Dungeon)
Jewellery
 n - a ring of protection from fire (left tentacle) {rF+, !d}
   (You found it on level 2 of the Dungeon)
 o - a +4 ring of evasion {unknown}
   (You found it on level 2 of the Dungeon)
Wands
 q - a wand of flame (19)
   (You took it off Ijyb on level 3 of the Dungeon)
 t - a wand of enslavement (6)
   (You found it on level 4 of the Dungeon)
Scrolls
 c - 4 scrolls of enchant weapon {unknown}
 d - 3 scrolls of remove curse
 f - 2 scrolls of teleportation {unknown}
 j - 2 scrolls of noise {unknown}
 k - 8 scrolls of identify {unknown}
 l - a scroll of blinking {unknown}
 p - a scroll of random uselessness {unknown}
 r - a scroll of amnesia {unknown}
 s - 2 scrolls of magic mapping {!r}
 w - a scroll of enchant armour {unknown}
Potions
 e - a potion of haste {unknown}
 h - 6 potions of curing
 i - 2 potions of brilliance {unknown}
 m - 5 potions of heal wounds
 v - a potion of degeneration {!q}
 x - a potion of might
 z - a potion of flight


   Skills:
 + Level 6.1 Fighting
 - Level 3.0 Polearms
 + Level 6.1 Dodging
 - Level 2.6 Stealth
 + Level 4.1 Invocations


You had 6 spell levels left.
You didn't know any spells.
Your spell library contained the following spells:

 Spells                   Type           Power        Failure   Level
 Animate Skeleton         Necr           #.....       32%         1
 Pain                     Necr           #...         32%         1
 Vampiric Draining        Necr           #.........   69%         3
 Animate Dead             Necr           #.........   97%         4
 Agony                    Necr           #.......     100%        5


Dungeon Overview and Level Annotations

Branches:
Dungeon (5/15)
 Temple: D:4-7

Altars:
Ashenzari
Fedhas
Okawaru
Sif Muna
Vehumet
Xom

Shops:
D:4 *   D:5 !


Innate Abilities, Weirdness & Mutations

You cannot wear most types of armour.
You are very stealthy in the water. (Stealth+)
You are amphibious.
You can wear up to eight rings at the same time.
You can use your tentacles to constrict eight enemies at once.
Your skin changes colour to match your surroundings (Stealth+).
Your rubbery body absorbs attacks. (AC +1, EV +1)


Message History

Thank you for shopping at Ycve's Distillery!
Unknown command.
Found a stone staircase leading down.
You see here a kite shield.
There is an entrance to Ycve's Distillery here.
You're in a travel-excluded area, stopping explore.
You're in a travel-excluded area, stopping explore.
You're in a travel-excluded area, stopping explore.
No reachable target in view!
No reachable target in view!
You open the door.
There is an open translucent door here.
Crazy Yiuf closely misses you.
You hit Crazy Yiuf.
Crazy Yiuf is poisoned.
Your grab misses Crazy Yiuf. Crazy Yiuf misses you.
You hit Crazy Yiuf but do no damage. You grab Crazy Yiuf.
You constrict Crazy Yiuf. Crazy Yiuf closely misses you.
You hit Crazy Yiuf but do no damage.
Crazy Yiuf looks even sicker.
You squeeze Crazy Yiuf. You constrict Crazy Yiuf.
Crazy Yiuf closely misses you.
You hit Crazy Yiuf.
You constrict Crazy Yiuf, but do no damage.
Crazy Yiuf completely misses you.
You hit Crazy Yiuf. You constrict Crazy Yiuf.
Crazy Yiuf says, "Crazy?
Crazy!?
PORCUPINE!"
Crazy Yiuf misses you.
You barely miss Crazy Yiuf. You squeeze Crazy Yiuf.
You kill Crazy Yiuf!
Okawaru accepts your kill.
Your Invocations skill increases to level 4!
Things that are here:
a +4 quarterstaff of chaos; a +1 cloak; the gnoll corpse of Crazy Yiuf
y - a +4 quarterstaff of chaos Search for what [Enter for "ego", or ? for help]? shi
There is an open translucent door here.
You see here a kite shield.
MP restored: 10
A - a kite shield You see here a leather armour.
An iguana comes into view.
An iguana is nearby!
An iguana is nearby!
An iguana is nearby!
The helpless iguana fails to defend itself.
You hit the iguana.
The iguana is poisoned.
You grab the iguana. You constrict the iguana. The iguana closely misses you.
You hit the iguana.
The iguana looks as sick as possible!
You squeeze the iguana.
You constrict the iguana, but do no damage.
The iguana misses you.
You hit the iguana.
The iguana looks as sick as possible!
You constrict the iguana.
You kill the iguana!
Okawaru accepts your kill.
No target in view!
No target in view!
An orc priest comes into view.
An orc priest is nearby!
An orc priest is nearby!
A gnoll comes into view.
An orc priest, an orc wizard and a phantom come into view.
The phantom blinks!
A gnoll comes into view.
The gnoll shouts!
You hear a shout!
The orc priest shouts!
You hear a shout! x2
The gnoll shouts!
An orc priest comes into view. It is wielding a +0 dagger.
The orc wizard shouts!
You hear a shout!
A gnoll sergeant comes into view. It is wielding a +0 trident.
The gnoll sergeant shouts!
You closely miss the phantom. The phantom closely misses you.
A gnoll comes into view. It is wielding a +0 spear.
The phantom hits you!
You take 9 damage, and have 43/52 hp.
You closely miss the orc priest. You grab the orc priest.
You squeeze the orc priest, but do no damage.
You constrict the orc priest.
The orc priest mumbles some strange prayers to Beogh against you.
Beogh smites you! The phantom hits you!
A gnoll comes into view. It is wielding a +0 club.
The orc priest hits you.
You hear a shout!
The gnoll shouts!
You take 20 damage, and have 23/52 hp.
MASSIVE DAMAGE!!
You release your grip on the orc priest.
An orc comes into view. It is wielding a +0 club.
The orc priest calls down the wrath of Beogh upon you.
Beogh smites you!
* * * LOW HITPOINT WARNING * * *
You take 11 damage, and have 13/52 hp.
MASSIVE DAMAGE!!
The phantom blinks!
The orc priest mumbles some strange prayers to Beogh against you.
Beogh smites you!
* * * LOW HITPOINT WARNING * * *
You take 11 damage, and have 3/52 hp.
MASSIVE DAMAGE!!
You see here 17 stones.
The orc priest mumbles some strange prayers to Beogh against you.
Beogh smites you!
You die...

....##.#########...$...#
....[...## #.......#
.........#######g.....!##
...###....g.og.oo.......#
...# #.g########.g......#
...# #..### #.o......#
...###.(#.## #........#
...........########.###.#
........#.o.g...@.#.# oo
.##.####.#.######.#.W g
.##.# ##.## #.#### .##.#
### #.# ....# #.# .#..#
#.# .#..# #.# .#..# #.#
##..# #.#


You could see an orc priest and a gnoll.

Vanquished Creatures
  Edmund (D:4)
  2 ogres (D:4)
  A water moccasin skeleton (D:4)
  Crazy Yiuf (D:5)
  Terence (D:3)
  2 iguanas (D:5)
  Ijyb (D:3)
  4 orc wizards (D:4)
  2 worker ants
  7 adders
  An ooze (D:3)
  3 worms
  2 dart slugs
  A leopard gecko (D:2)
  19 orcs
  A ball python (D:1)
  6 bats
  5 giant cockroaches
  17 goblins
  6 hobgoblins
  4 jackals (D:3)
  8 kobolds
  4 quokkas
  4 frilled lizards
  A quokka skeleton (D:4)
  2 rats
106 creatures vanquished.

Notes
Turn   | Place    | Note
-------+----------+-------------------------------------------
     0 | D:1      | HilariousDeathArtist the Octopode Monk began the quest for
                  | the Orb.
     0 | D:1      | Reached XP level 1. HP: 16/16 MP: 1/1
    55 | D:1      | Reached XP level 2. HP: 21/21 MP: 2/2
   330 | D:1      | Reached XP level 3. HP: 22/26 MP: 3/3
  1482 | D:2      | Reached skill level 4 in Fighting
  1482 | D:2      | Reached skill level 4 in Dodging
  1482 | D:2      | Reached XP level 4. HP: 33/33 MP: 4/4
  2080 | D:3      | Noticed Ijyb
  2086 | D:3      | Killed Ijyb
  2123 | D:3      | HP: 7/34 [quokka (4)]
  2125 | D:3      | Reached XP level 5. HP: 8/38 MP: 5/5
  2128 | D:3      | HP: 8/38 [orc/+0 dagger (1)]
  2144 | D:3      | HP: 7/38 [jackal (1)]
  2147 | D:3      | HP: 3/38 [jackal (1)]
  2548 | D:3      | Found an iron altar of Okawaru.
  2560 | D:3      | Became a worshipper of Warmaster Okawaru
  2560 | D:3      | Reached * piety under Okawaru
  2560 | D:3      | Reached ** piety under Okawaru
  2683 | D:3      | Noticed Terence
  2693 | D:3      | Killed Terence
  2716 | D:3      | Found a shimmering altar of Xom.
  2899 | D:3      | Found a blossoming altar of Fedhas.
  2941 | D:3      | Reached skill level 1 in Invocations
  3095 | D:4      | Noticed an ogre
  3096 | D:4      | Reached XP level 6. HP: 41/45 MP: 5/7
  3098 | D:4      | Noticed Edmund
  3110 | D:4      | Reached skill level 5 in Fighting
  3110 | D:4      | Reached skill level 5 in Dodging
  3110 | D:4      | Reached skill level 2 in Invocations
  3128 | D:5      | Entered Level 5 of the Dungeon
  3280 | D:4      | Killed Edmund
  3280 | D:4      | Reached XP level 7. HP: 39/50 MP: 7/9
  3366 | D:4      | Reached *** piety under Okawaru
  3426 | D:4      | Found a radiant altar of Vehumet.
  3439 | D:4      | Reached skill level 3 in Invocations
  3902 | D:4      | HP: 8/51 [orc/+0 flail (9)]
  4390 | D:4      | Found Cetzeime's General Store.
  4393 | D:4      | Bought a scroll of magic mapping for 38 gold pieces
  4393 | D:4      | Bought a scroll of remove curse for 33 gold pieces
  4393 | D:4      | Bought a potion of degeneration for 11 gold pieces
  4613 | D:5      | Found Ycve's Distillery.
  4660 | D:5      | Reached skill level 6 in Fighting
  4713 | D:5      | Found a shimmering blue altar of Sif Muna.
  4720 | D:5      | Reached skill level 6 in Dodging
  4779 | D:5      | Found a broken altar of Ashenzari.
  4806 | D:5      | Bought a potion of might for 56 gold pieces
  4806 | D:5      | Bought a potion of curing for 42 gold pieces
  4806 | D:5      | Bought a potion of heal wounds for 70 gold pieces
  4806 | D:5      | Bought a potion of flight for 42 gold pieces
  4866 | D:5      | Found a runed translucent door.
  4867 | D:5      | Noticed Crazy Yiuf
  4878 | D:5      | Killed Crazy Yiuf
  4878 | D:5      | Reached skill level 4 in Invocations
  4964 | D:5      | HP: 13/52 [orc priest/divine providence (11)]
  4971 | D:5      | HP: 3/52 [orc priest/divine providence (11)]
  4984 | D:5      | Killed from afar by an orc priest

Illustrated notes

Levels and vault maps discovered:
D:1:      dpeg_arrival_windows_large_door, layout_basic
D:2:      layout_basic
D:3:      layout_rooms, okawaru_trees_1, lemuel_doored_altar, fedhas_altar_4,
          uniq_terence, uniq_ijyb
D:4:      layout_gridville, fiery_altar_vehumet, serial_shops,
          nicolae_shop_behind_doors, uniq_edmund
D:5:      layout_loops_ring, old_standard_altar, elyvilon_altar_5,
          nicolae_ashenzari_panopticon, serial_shops, shop,
          kennysheep_little_box, uniq_crazy_yiuf_cottage

Skill      XL: |  1  2  3  4  5  6  7 |
---------------+----------------------+-----
Fighting       | 4 5 6 |  6.1
Dodging        | 4 5 6 |  6.1
Invocations    | 1 2 4 |  4.1
Polearms       | |  3.0
Stealth        | |  2.6

Action                   |  1- 3 |  4- 6 |  7- 9 || total
-------------------------+-------+-------+-------++-------
Melee: Spear             |    46 |       |       ||    46
       Constrict         |    21 |    22 |    17 ||    60
       Tentacles         |    11 |    14 |    16 ||    41
       Whip              |    26 |    93 |    67 ||   186
 Stab: Sleeping          |    13 |     5 |     3 ||    21
Armor: Skin              |     4 |     3 |     6 ||    13
Dodge: Dodged            |    21 |    69 |    59 ||   149

Table legend: (Time is in decaauts)
 A = Elapsed time spent in this place.
 B = Non-inter-level travel time spent in this place.
 C = Inter-level travel time spent in this place.
 D = Time resting spent in this place.
 E = Time spent auto-exploring this place.
 F = Levels seen in this place.
 G = Mean time per level.
                   A        B        C        D        E       F      G
               +--------+--------+--------+--------+--------+-----+--------+
         Total |   4999 |   4834 |    165 |   1074 |   3121 |   5 |  999.8 |
       Dungeon |   4999 |   4834 |    165 |   1074 |   3121 |   5 |  999.8 |
               +--------+--------+--------+--------+--------+-----+--------+

Top non-repeatable levels by time:
     D:4: 1422 daAuts
     D:2: 1042 daAuts
     D:1: 1031 daAuts
     D:3: 925 daAuts
     D:5: 577 daAuts

Table legend:
 A = Kills in this place as a percentage of kills in entire the game.
 B = Kills by you in this place as a percentage of kills by you in the entire game.
 C = Kills by friends in this place as a percentage of kills by friends in the entire game.
 D = Other kills in this place as a percentage of other kills in the entire game.
 E = Experience gained in this place as a percentage of experience gained in the entire game.
 F = Experience gained in this place divided by the number of levels of this place that you have seen.
                   A       B       C       D       E      F
               +-------+-------+-------+-------+-------+----------------------
         Total | 100.0 | 100.0 |   N/A |   N/A | 100.0 | 230.2
       Dungeon | 100.0 | 100.0 |   N/A |   N/A | 100.0 | 230.2
               +-------+-------+-------+-------+-------+----------------------
